 Dungeon Crawl Stone Soup version 0.23.2-1-ga50397a6bc (webtiles) character file.

Game seed: 12833455668590285702

254 4FPSwarrior the Slasher (level 5, -4/41 HPs)
             Began as a Demonspawn Abyssal Knight on Apr 16, 2019.
             Was a Believer of Lugonu.
             Shot with an arrow by a centaur (6 damage)
             ... on level 4 of the Dungeon.
             The game lasted 00:14:57 (4112 turns).

4FPSwarrior the Slasher (Demonspawn Abyssal Knight) Turns: 4112, Time: 00:14:57

Health: -4/41      AC:  7    Str: 13    XL:     5   Next: 91%
Magic:  0/7        EV: 10    Int: 13    God:    Lugonu [**....]
Gold:   192        SH:  0    Dex: 13    Spells: 3/4 levels left

rFire    + . .     SeeInvis .   a - +1 falchion
rCold    . . .     Gourm    .   (no shield)
rNeg     . . .     Faith    .   e - +0 ring mail
rPois    .         Spirit   +   (no helmet)
rElec    .         Reflect  .   (no cloak)
rCorr    +         Harm     .   (no gloves)
MR       .....                  (no boots)
Stlth    +.........             (no amulet)
HPRegen  0.13/turn              m - ring of resist corrosion
MPRegen  0.10/turn              (no ring)

@: no status effects
A: yellow scales 1, fire resistance 1, magic shield
a: Depart the Abyss, Bend Space, Renounce Religion


You were on level 4 of the Dungeon.
You worshipped Lugonu.
Lugonu was pleased with you.
You were hungry.

You visited 1 branch of the dungeon, and saw 4 of its levels.
You visited the Abyss 1 time.

You collected 192 gold pieces.

Inventory:

Hand Weapons
 a - a +1 falchion (weapon)
Armour
 b - a +0 leather armour
 e - a +0 ring mail (worn)
 l - a +2 large shield
Jewellery
 m - a ring of resist corrosion (left hand)
Wands
 p - a wand of acid (6)
Scrolls
 f - a scroll of fog {unknown}
 i - a scroll of noise {unknown}
 j - 2 scrolls of enchant armour {unknown}
 k - a scroll of random uselessness {unknown}
 n - 2 scrolls of enchant weapon {unknown}
 o - a scroll of remove curse {unknown}
 q - a scroll of amnesia {unknown}
 r - a scroll of immolation {unknown}
 t - a scroll of teleportation {unknown}
Potions
 d - 3 potions of haste
 g - a potion of agility
 s - a potion of flight
Comestibles
 c - 5 rations


   Skills:
 - Level 3.0 Fighting
 * Level 5.3 Long Blades
 - Level 1.7 Armour
 - Level 0.8 Dodging
 + Level 1.4 Necromancy
 + Level 3.2 Invocations


You had 3 spell levels left.
You knew the following spells:

 Your Spells              Type           Power        Failure   Level  Hunger
a - Animate Skeleton      Necr           N/A          36%         1    ##.....

Your spell library contained the following spells:

 Spells                   Type           Power        Failure   Level  Hunger
 Apportation              Tloc           #.....       54%         1    ##.....
 Confusing Touch          Hex            #.....       54%         1    ##.....
 Summon Small Mammal      Summ           #...         54%         1    ##.....


Dungeon Overview and Level Annotations

Branches:
Dungeon (4/15)
 Temple: D:4-7

Altars:
Ashenzari
Dithmenos
Fedhas
Hepliaklqana
Nemelex Xobeh
Okawaru
Trog
The Shining One

Annotations:
D:3 Grinder


Innate Abilities, Weirdness & Mutations

You are partially covered in yellow scales. (AC +2)
Your flesh is heat resistant. (rF+)
When hurt, damage is shared between your health and your magic reserves.


Message History

Moving in this stuff is going to be slow.
Your extra speed is starting to run out.
You enter the shallow water.
Moving in this stuff is going to be slow.
The centaur shoots an arrow.
The arrow hits you but does no damage.
The centaur shoots an arrow.
The arrow hits you!
* * * LOW HITPOINT WARNING * * *
The centaur shoots an arrow.
The arrow closely misses you.
You see here an arrow.
You feel better.
You feel yourself slow down.
The centaur shoots an arrow.
The arrow closely misses you.
You enter the shallow water.
Moving in this stuff is going to be slow.
The centaur shoots an arrow.
The arrow hits you!
* * * LOW HITPOINT WARNING * * *
You hear a splash.
You see here an arrow.
The centaur shoots an arrow.
The arrow hits you.
You die...

#P≈≈≈.≈(.# #..≈PP≈≈..#
#...≈≈≈c≈♣#
############.P≈≈≈≈≈≈.#
#..)..........≈≈≈≈.≈.#
..#########.#..≈≈≈≈≈♣#
### #.#♣≈≈.≈≈≈.#
#..#≈♣≈≈≈≈.#
##...P@((♣.#
#....PP.### ##....###
######


You could see a centaur.

Vanquished Creatures
  Ijyb (D:3)
  3 orc wizards (D:4)
  A worker ant (D:4)
  A hound skeleton (D:4)
  3 adders
  An adder skeleton (D:4)
  3 worms
  2 dart slugs
  5 leopard geckos
  5 orcs
  A ball python (D:1)
  12 giant cockroaches
  4 goblins
  A hobgoblin (D:3)
  A jackal (D:4)
  7 bats
  4 frilled lizards
  6 kobolds
  5 rats
66 creatures vanquished.

Notes
Turn   | Place    | Note
-------+----------+-------------------------------------------
     0 | Abyss:1  | 4FPSwarrior the Demonspawn Abyssal Knight began the quest
                  | for the Orb.
     0 | Abyss:1  | Reached XP level 1. HP: 18/18 MP: 2/2
    16 | Abyss:1  | Noticed an ice devil
    17 | D:1      | Escaped the Abyss
   118 | D:1      | Reached skill level 2 in Long Blades
   174 | D:1      | Found a shattered altar of Ashenzari.
   585 | D:1      | Gained mutation: When hurt, damage is shared between your
                  | health and your magic reserves. [demonic ancestry]
   585 | D:1      | Reached XP level 2. HP: 21/24 MP: 3/3
   619 | D:1      | Reached * piety under Lugonu
  1058 | D:2      | Found a shadowy altar of Dithmenos.
  1062 | D:2      | Reached skill level 3 in Long Blades
  1123 | D:2      | Reached XP level 3. HP: 29/29 MP: 0/4
  1257 | D:2      | Learned a level 1 spell: Animate Skeleton
  1664 | D:2      | Found a hazy altar of Hepliaklqana.
  2007 | D:2      | Found a glowing golden altar of the Shining One.
  2196 | D:3      | Found a blossoming altar of Fedhas.
  2224 | D:3      | Reached skill level 4 in Long Blades
  2224 | D:3      | Gained mutation: You are partially covered in yellow
                  | scales. (AC +2) [demonic ancestry]
  2224 | D:3      | Reached XP level 4. HP: 29/35 MP: 2/5
  2352 | D:3      | Reached ** piety under Lugonu
  2501 | D:3      | Found a sparkling altar of Nemelex Xobeh.
  2687 | D:3      | Noticed Ijyb
  2688 | D:3      | Paralysed by Ijyb for 7 turns
  2704 | D:3      | Paralysed by Ijyb for 2 turns
  2719 | D:3      | Paralysed by Ijyb for 3 turns
  2736 | D:3      | Paralysed by Ijyb for 5 turns
  2772 | D:3      | Killed Ijyb
  2908 | D:3      | Noticed Grinder
  3270 | D:4      | Found a bloodstained altar of Trog.
  3270 | D:4      | Found an iron altar of Okawaru.
  3316 | D:4      | Gained mutation: Your flesh is heat resistant. (rF+)
                  | [demonic ancestry]
  3316 | D:4      | Reached XP level 5. HP: 16/41 MP: 4/6
  3742 | D:4      | Reached skill level 5 in Long Blades
  3751 | D:4      | Reached skill level 1 in Necromancy
  4053 | D:4      | Noticed a centaur
  4107 | D:4      | HP: 1/41 [centaur/arrow (10)]
  4112 | D:4      | Shot with an arrow by a centaur

Skill      XL: |  1  2  3  4  5 |
---------------+----------------+-----
Long Blades    | 2 3 4 5 |  5.3
Necromancy     | 1 |  1.4
Invocations    | 3 |  3.2
Fighting       | |  3.0
Armour         | |  1.7
Dodging        | |  0.8

Action                   |  1- 3 |  4- 6 || total
-------------------------+-------+-------++-------
Melee: Falchion          |   166 |   195 ||   361
Invok: Depart the Abyss  |     1 |       ||     1
Evoke: Wand              |       |     1 ||     1
  Use: Potion            |     1 |     7 ||     8
       Scroll            |       |     3 ||     3
  Eat: Chunk             |     4 |     6 ||    10
Armor: Leather armour    |    12 |       ||    12
       Ring mail         |    62 |    77 ||   139
       Skin              |       |    10 ||    10
Dodge: Dodged            |   111 |    97 ||   208
       Rpst.: Falchion   |    26 |    26 ||    52
